 Dungeon Crawl Stone Soup version 0.20-a0-1124-g2e29d97 (webtiles) character file.

35 Kikal the Skirmisher (level 3, -1/29 HPs)
             Began as a Mummy Wanderer on May 15, 2017.
             Was an Initiate of Hepliaklqana.
             Slain by a gnoll
             ... wielding a +0 spear
              (5 damage)
             ... on level 3 of the Dungeon.
             The game lasted 00:07:42 (2110 turns).

Kikal the Skirmisher (Mummy Wanderer)               Turns: 2110, Time: 00:07:43

Health: -1/29      AC:  3    Str: 16    XL:     3   Next: 17%
Magic:  3/3        EV: 11    Int:  9    God:    Hepliaklqana [......]
Gold:   62         SH:  0    Dex: 13    Spells: 2/2 levels left

rFire    x . .     SeeInvis .   e - +0 club
rCold    + . .     Gourm    .   (no shield)
rNeg     + + +     Faith    .   m - +0 leather armour
rPois    ∞         Spirit   .   (no helmet)
rElec    .         Reflect  .   (no cloak)
rCorr    .         Harm     .   (no gloves)
MR       .....                  (no boots)
Stlth    +.........             (no amulet)
Regen    0.1/turn               (no ring)
MPRegen  0.1/turn               (no ring)

@: no status effects
A: no food or potions, fire vulnerability, reduced essence, cold resistance 1,
negative energy resistance 3, torment resistance, unbreathing
a: Recall Ancestor, Ancestor Identity, Renounce Religion


You were on level 3 of the Dungeon.
You worshipped Hepliaklqana.
Hepliaklqana was noncommittal.
You were not hungry.

You visited 1 branch of the dungeon, and saw 3 of its levels.

You collected 62 gold pieces.

Inventory:

Hand Weapons
 b - a +0 quarterstaff
 e - a +0 club (weapon)
Missiles
 d - 11 poisoned needles
Armour
 a - a +0 shield
 f - a +0 cloak
 m - a +0 leather armour (worn)
Scrolls
 c - 3 scrolls of teleportation
 g - 2 scrolls of fog {unknown}
 h - a scroll of magic mapping {unknown}
 i - a scroll of noise {unknown}
 j - a scroll of fear {unknown}
 k - a scroll of identify {unknown}
 l - 2 scrolls of amnesia {unknown}
 n - a scroll of enchant armour {unknown}


   Skills:
 - Level 5.0 Fighting
 + Level 2.3(2.6) Maces & Flails
 - Level 1.5(2.2) Staves
 - Level 1.0 Throwing
 - Level 1.0 Armour
 - Level 1.0 Shields


You had 2 spell levels left.
You didn't know any spells.

Dungeon Overview and Level Annotations

Branches:
Dungeon (3/15)

Altars:
Hepliaklqana
Nemelex Xobeh
Trog
Wu Jian


Innate Abilities, Weirdness & Mutations

You do not eat or drink.
Your flesh is vulnerable to fire.
You are immune to poison.
Your flesh is cold resistant. (rC+)
You are immune to negative energy. (rN+++)
You are immune to unholy pain and torment.
You can survive without breathing.
Your life essence is reduced. (-10% HP)


Message History

You hit the gnoll.
The gnoll is moderately wounded.
The gnoll hits you but does no damage. The gnoll barely misses you.
You hit the gnoll but do no damage.
The gnoll is moderately wounded.
The gnoll barely misses you. The gnoll closely misses you.
You hit the gnoll but do no damage.
The gnoll is moderately wounded.
The gnoll closely misses you. The gnoll hits you with a spear!
You take 9 damage, and have 10/29 hp.
MASSIVE DAMAGE!!
You closely miss the gnoll.
The gnoll is moderately wounded.
The gnoll hits you from afar with a spear.
* * * LOW HITPOINT WARNING * * *
The gnoll closely misses you.
You take 6 damage, and have 4/29 hp.
MASSIVE DAMAGE!!
You hit the gnoll.
The gnoll is heavily wounded.
The gnoll barely misses you. x3; The gnoll hits you with a spear.
You die...

########## ###
#......g.g >.. #.#
#### #.# #... #g#
#######.## #g#
#.......#. #g#
#.......#. #g#
#.......#. #@#
#...#.......#. #R#
#...#....(..#. #.#
#...#.......#. #.#
#...#######.#. #.#
#...# #.#. #.#
#...# #.#.
##.###...#######.#.
#....'...+.........
######...####......


You could see the friendly Agathocles the ancestor and 4 gnolls.

Vanquished Creatures
  An adder (D:2)
  2 leopard geckos (D:1)
  2 bats (D:1)
  2 giant cockroaches
  3 goblins
  3 hobgoblins (D:1)
  A frilled lizard (D:1)
  2 kobolds (D:2)
  6 rats
22 creatures vanquished.

Vanquished Creatures (collateral kills)
  A worm (D:2)
1 creature vanquished.

Vanquished Creatures (others)
  An ancestor (D:2)
1 creature vanquished.

Grand Total: 24 creatures vanquished

Notes
Turn   | Place    | Note
-------+----------+-------------------------------------------
     0 | D:1      | Kikal the Mummy Wanderer began the quest for the Orb.
     0 | D:1      | Kikal set off with: a +0 shield, a +0 quarterstaff, a scroll of teleportation, a +0 robe, a +0 club
     0 | D:1      | Reached XP level 1. HP: 21/21 MP: 1/1
   351 | D:1      | Reached skill level 1 in Maces & Flails
   543 | D:1      | Reached XP level 2. HP: 25/27 MP: 2/2
  1094 | D:2      | Found a hazy altar of Hepliaklqana.
  1098 | D:2      | Found a bloodstained altar of Trog.
  1098 | D:2      | Found a sparkling altar of Nemelex Xobeh.
  1099 | D:2      | Found an ornate altar of the Wu Jian Council.
  1115 | D:2      | Became a worshipper of Hepliaklqana the Forgotten
  1225 | D:2      | Reached XP level 3. HP: 5/29 MP: 3/3
  2110 | D:3      | Slain by a gnoll

Vault maps used:
D:1:      dpeg_arrival_windows_large_door
D:2:      grunt_temple_overflow_open, first_bread, grunt_ministairs_2,
          minmay_misc_feat_x
D:3:      nicolae_ru_the_path_less_chosen

Skill      XL: |  1  2 |
---------------+-------+-----
Maces & Flails | 1 2 |  2.3
Fighting       | |  5.0
Staves         | |  1.5
Throwing       | |  1.0
Armour         | |  1.0
Shields        | |  1.0

Action                   || total
-------------------------++-------
Melee: Club              ||   124
Invok: Ancestor Identity ||     1
Armor: Robe              ||    20
       Leather armour    ||    28
Dodge: Dodged            ||    90
